 Dungeon Crawl Stone Soup version 0.27.1-4-g1640c2035a (webtiles) character file.

Game seed: 5105007794366752158

56 zeram the Sneak (level 3, -1/26 HPs)
             Began as a Gnoll Enchanter on Nov 17, 2021.
             Slain by a worm (8 damage)
             ... on level 3 of the Dungeon.
             The game lasted 00:03:13 (2480 turns).

zeram the Sneak (Gnoll Enchanter)                   Turns: 2480, Time: 00:03:14

Health: -1/26      AC:  2    Str:  7    XL:     3   Next: 97%
Magic:  9/9        EV: 13    Int: 15    God:
Gold:   73         SH:  0    Dex: 12    Spells: 9/12 levels left

rFire    . . .     SeeInvis .   a - +1 dagger
rCold    + . .     Faith    .   (no shield)
rNeg     . . .     Spirit   .   b - +0 robe
rPois    .         Reflect  .   (no helmet)
rElec    .         Harm     .   (no cloak)
rCorr    .         Rampage  .   (no gloves)
Will     .....                  (no boots)
Stlth    +++.......             (no amulet)
HPRegen  0.08/turn              e - ring of protection from cold
MPRegen  0.11/turn              (no ring)

@: no status effects
A: fangs 1, strong nose, distributed training
a: no special abilities


You were on level 3 of the Dungeon.
You visited 1 branch of the dungeon, and saw 3 of its levels.

You collected 73 gold pieces.

Inventory:

Hand Weapons
 a - a +1 dagger (weapon)
Armour
 b - a +0 robe (worn)
Jewellery
 e - a ring of protection from cold (left hand)
 m - a ring of ice
Scrolls
 c - a scroll of vulnerability {unknown}
 f - a scroll of blinking {unknown}
 g - 2 scrolls of identify {unknown}
 h - a scroll of enchant armour {unknown}
 i - a scroll of magic mapping {unknown}
 l - a scroll of acquirement {unknown}
Potions
 d - a potion of ambrosia {unknown}
 j - a potion of mutation {unknown}
 k - a potion of berserk rage {unknown}


   Skills:
 + Level 1.0 Fighting
 + Level 2.7 Short Blades
 + Level 1.0 Long Blades
 + Level 1.0 Axes
 + Level 1.0 Maces & Flails
 + Level 1.0 Polearms
 + Level 1.0 Staves
 + Level 1.0 Slings
 + Level 1.0 Bows
 + Level 1.0 Crossbows
 + Level 1.0 Throwing
 + Level 1.0 Armour
 + Level 4.6 Dodging
 + Level 6.0 Stealth
 + Level 1.0 Shields
 + Level 1.0 Unarmed Combat
 + Level 5.0 Spellcasting
 + Level 0.7 Conjurations
 + Level 5.4 Hexes
 + Level 0.7 Summonings
 + Level 0.7 Necromancy
 + Level 0.7 Translocations
 + Level 0.7 Transmutations
 + Level 0.7 Fire Magic
 + Level 0.7 Ice Magic
 + Level 0.7 Air Magic
 + Level 0.7 Earth Magic
 + Level 0.7 Poison Magic
 + Level 1.1 Invocations
 + Level 1.0 Evocations


You had 9 spell levels left.
You knew the following spells:

 Your Spells              Type           Power      Damage    Failure   Level
a - Corona                Hex            22%        N/A       1%          1
b - Ensorcelled Hibernat  Hex/Ice        26%        N/A       7%          2

Your spell library contained the following spells:

 Spells                   Type           Power      Damage    Failure   Level
 Confusing Touch          Hex            20%        N/A       5%          3
 Tukima's Dance           Hex            20%        N/A       5%          3
 Dazzling Flash           Conj/Hex       26%        N/A       14%         3
 Corpse Rot               Necr/Air       N/A        N/A       19%         2
 Dispel Undead            Necr           6%         3d8       75%         4
 Death Channel            Necr           3%         N/A       100%        6


Dungeon Overview and Level Annotations

Branches:
Dungeon (3/15)

Altars:


Innate Abilities, Weirdness & Mutations

You have very sharp teeth.
Your uncanny sense of smell can sniff out nearby items.
Your experience applies equally to all skills.


Message History

m - a ring of ice A worm comes into view.
e - a ring of protection from cold (left hand)
A worm is nearby!
A worm is nearby!
A worm is nearby!
A worm is nearby!
You hit the worm.
The worm is lightly wounded.
The worm bites you.
You are too injured to fight recklessly!
You are too injured to fight recklessly!
You are too injured to fight recklessly!
You are too injured to fight recklessly!
You are too injured to fight recklessly!
You are too injured to fight recklessly!
You are too injured to fight recklessly!
You are too injured to fight recklessly!
You hit the worm.
The worm is moderately wounded.
You hit the worm.
The worm is moderately wounded.
The worm bites you.
You completely miss the worm.
The worm is moderately wounded.
You hit the worm but do no damage.
The worm is moderately wounded.
You hit the worm.
The worm is moderately wounded.
The worm bites you.
You barely miss the worm.
The worm is moderately wounded.
You hit the worm.
The worm is moderately wounded.
The worm bites you.
* * * LOW HITPOINT WARNING * * *
You hit the worm.
The worm is heavily wounded.
The worm bites you!
You die...

#...####............
#.........).......#
#........)........#
####...######.†.....###
.....### ...###.......#
....## ............#.##
....# #####...........
...## ##....##.... #..#
∆∆ ∆#..@....#.. #..# ∆
∆ #..w.###... #..# ∆ ∆
#..#.# # #..# ∆∆ #..#..
##.# #.# .#. .. ....
..# .. .# .## #####


You could see a worm.

Vanquished Creatures
  An adder (D:2)
  A dart slug (D:2)
  3 orcs
  2 ball pythons
  7 bats
  5 endoplasms
  A giant cockroach (D:1)
  3 goblins
  2 hobgoblins
  2 jackals (D:2)
  A quokka (D:3)
  6 frilled lizards
  4 kobolds
  3 rats
41 creatures vanquished.

Notes
Turn   | Place    | Note
-------+----------+-------------------------------------------
     0 | D:1      | zeram the Gnoll Enchanter began the quest for the Orb.
     0 | D:1      | Reached XP level 1. HP: 13/13 MP: 6/6
   361 | D:1      | Reached XP level 2. HP: 19/19 MP: 7/7
   581 | D:1      | Learned a level 2 spell: Ensorcelled Hibernation
   978 | D:2      | Found a faded altar of an unknown god.
  1091 | D:1      | Reached XP level 3. HP: 7/25 MP: 0/9
  1439 | D:2      | Reached skill level 5 in Spellcasting
  1692 | D:2      | Reached skill level 6 in Stealth
  1988 | D:2      | Reached skill level 1 in Invocations
  2138 | D:2      | Reached skill level 1 in Fighting
  2138 | D:2      | Reached skill level 1 in Long Blades
  2138 | D:2      | Reached skill level 1 in Axes
  2138 | D:2      | Reached skill level 1 in Maces & Flails
  2138 | D:2      | Reached skill level 1 in Polearms
  2138 | D:2      | Reached skill level 1 in Staves
  2138 | D:2      | Reached skill level 1 in Slings
  2138 | D:2      | Reached skill level 1 in Bows
  2138 | D:2      | Reached skill level 1 in Crossbows
  2138 | D:2      | Reached skill level 1 in Throwing
  2138 | D:2      | Reached skill level 1 in Armour
  2138 | D:2      | Reached skill level 1 in Shields
  2138 | D:2      | Reached skill level 1 in Unarmed Combat
  2138 | D:2      | Reached skill level 1 in Evocations
  2480 | D:3      | Slain by a worm

Illustrated notes

Levels and vault maps discovered:
D:1:      amcnicky_arrival_gap_in_the_tavern_cellar, layout_basic,
          hangedman_decor_points
D:2:      layout_basic, ebering_ecumenical_altar_sacrificial, minmay_cupped
D:3:      layout_rooms, nicolae_dithmenos_the_darkroom,
          minmay_randomly_rotated_circles

Skill      XL: |  1  2  3 |
---------------+----------+-----
Spellcasting   | 5 |  5.0
Stealth        | 6 |  6.0
Invocations    | 1 |  1.1
Fighting       | 1 |  1.0
Long Blades    | 1 |  1.0
Axes           | 1 |  1.0
Maces & Flails | 1 |  1.0
Polearms       | 1 |  1.0
Staves         | 1 |  1.0
Slings         | 1 |  1.0
Bows           | 1 |  1.0
Crossbows      | 1 |  1.0
Throwing       | 1 |  1.0
Armour         | 1 |  1.0
Shields        | 1 |  1.0
Unarmed Combat | 1 |  1.0
Evocations     | 1 |  1.0
Short Blades   | |  2.7
Dodging        | |  4.6
Conjurations   | |  0.7
Hexes          | |  5.4
Summonings     | |  0.7
Necromancy     | |  0.7
Translocations | |  0.7
Transmutations | |  0.7
Fire Magic     | |  0.7
Ice Magic      | |  0.7
Air Magic      | |  0.7
Earth Magic    | |  0.7
Poison Magic   | |  0.7

Action                   || total
-------------------------++-------
Melee: Dagger            ||   153
       Bite              ||     8
 Cast: Ensorcelled Hiber ||     4
  Use: Scroll            ||     1
 Stab: Sleeping          ||    17
Armor: Robe              ||    17
Dodge: Dodged            ||    83
